AoeStats
← Belgianwafflelegend69

Nomad

503425884Analyzed
2v2 RM · 1mo ago on Aug 31, 2026· 31m 14s· 4 players
Game mode
Random Map
Map size
176×176
Population
200
Speed
Normal
Resources
Standard
Victory
Conquest
Starting age
Dark Age
Ending age
Imperial Age
RankedLock teamsTeams togetherTeam positionsShared explorationLock speedFull tech treeHidden civsTurbo modeCheats
Victory
Defeat
1036
+14
🇨🇳 Bohemians · China
980
+16
🇨🇦 Jurchens · Canada
998
-16
🇨🇱 Cumans · Chile
973
-14
linkinboss
6:23 Loom
16:50 Feudal Age
17:02 Man-at-Arms
18:18 Arson
21:00 Double-Bit Axe
21:21 Scale Mail Armor
23:40 Fishing Lines
26:14 Castle Age
26:39 Pikeman
30:43 Medium Warships
30:27 Gillnets
DonPipe
6:38 Loom
16:52 Feudal Age
18:36 Double-Bit Axe
18:36 Horse Collar
20:57 Fishing Lines
24:06 Wheelbarrow
23:28 Gold Mining
23:34 Stone Mining
23:41 Stone Mining
26:10 Castle Age
25:22 Bloodlines
25:18 Scale Mail Armor
25:29 Forging
25:24 Scale Barding Armor
25:10 Fletching
25:20 Padded Archer Armor
27:40 Squires
30:10 Hand Cart
29:53 Capped Ram
OayiZ
4:22 Loom
16:28 Feudal Age
16:59 Double-Bit Axe
18:52 Fletching
25:00 Castle Age
22:59 Fishing Lines
26:00 Medium Warships
26:06 Bow Saw
26:38 Bodkin Arrow
27:45 Wheelbarrow
27:32 Gillnets
31:35 Chemistry
Belgianwafflelegend69
5:23 Loom
11:17 Double-Bit Axe
12:36 Fishing Lines
17:12 Feudal Age
17:30 Wheelbarrow
17:53 Gold Mining
18:17 Bow Saw
21:29 Castle Age
20:30 Gold Shaft Mining
19:42 Town Watch
20:15 Forging
20:11 Scale Barding Armor
20:29 Horse Collar
21:17 Heavy Plow
21:36 Gillnets
21:36 Cavalier
22:17 Husbandry
25:04 Two-Man Saw
26:47 Hand Cart
26:39 Town Patrol
26:05 Light Cavalry
Connection lost

Rejoining the realm…

Still unreachable

The connection could not be restored.

Session expired

The server has moved on; the page needs a fresh start.